 Dungeon Crawl Stone Soup version 0.19.4-8-ga85b6b9 (console) character file.

497 Grinner the Ruffian (level 6, -1/47 HPs)
             Began as a Minotaur Transmuter on Feb 8, 2017.
             Killed from afar by Sigmund (7 damage)
             ... with a magic dart
             ... on level 3 of the Dungeon.
             The game lasted 00:15:53 (4858 turns).

Grinner the Ruffian (Minotaur Transmuter)           Turns: 4858, Time: 00:15:55

Health: -1/47      AC:  4    Str: 15    XL:     6   Next: 93%
Magic:  8/8        EV: 13    Int: 12    God:
Gold:   194        SH:  0    Dex: 10    Spells: 2 memorised, 5 levels left

rFire  . . .     SeeInvis .     e - +0 mace (curse)
rCold  . . .     Gourm    .     b - +0 robe
rNeg   . . .     Faith    .     (no shield)
rPois  .         Spirit   .     (helmet restricted)
rElec  .         Reflect  .     j - +1 cloak
rCorr  .         Harm     .     (no gloves)
MR     .....                    (no boots)
Stlth  +.........               p - amulet of inaccuracy (curse)
                                (no ring)
                                (no ring)

@: very slightly contaminated
A: retaliatory headbutt, horns 2
a: no special abilities


You were on level 3 of the Dungeon.
You were hungry.

You visited 1 branch of the dungeon, and saw 5 of its levels.
You also visited: Sewer.

You collected 194 gold pieces.

Inventory:

Hand Weapons
 e - a cursed +0 mace (weapon)
 r - a +0 short sword of venom
Missiles
 a - 30 arrows
Armour
 b - a +0 robe (worn)
 j - a +1 cloak (worn)
Jewellery
 p - a cursed amulet of inaccuracy (around neck)
Wands
 n - a wand of polymorph (7/24)
Scrolls
 g - a scroll of fear
Potions
 i - a potion of brilliance
 u - a potion of ambrosia
Books
 c - a book of Changes

   Spells                             Type                      Level
   a - Beastly Appendage              Transmutation                1
   b - Sticks to Snakes               Transmutation                2
   c - Spider Form                    Transmutation/Poison         3
   d - Ice Form                       Ice/Transmutation            4
   e - Blade Hands                    Transmutation                5
Comestibles
 d - 2 bread rations
 m - a beef jerky
 o - a royal jelly
 q - a slice of pizza
 s - a meat ration


   Skills:
 - Level 1.2 Fighting
 + Level 4.3 Dodging
 + Level 6.0 Unarmed Combat
 * Level 2.0 Spellcasting
 * Level 3.4 Transmutations


You had 5 spell levels left.
You knew the following spells:

 Your Spells              Type           Power        Failure   Level  Hunger
x - Spider Form           Tmut/Pois      #.........   43%         3    ####...
z - Beastly Appendage     Tmut           #.....       10%         1    ##.....


Dungeon Overview and Level Annotations

Branches:
Dungeon (5/15)
 Temple: D:4-7

Altars:

Annotations:
D:3 Sigmund


Innate Abilities, Weirdness & Mutations

You reflexively headbutt those who attack you in melee.
You have a pair of horns on your head.


Message History

You completely miss something.
Your transformation is almost over.
Something hits you but does no damage.
You closely miss something. Something hits you.
* * * LOW HITPOINT WARNING * * *
You closely miss something. Something hits you but does no damage.
You miss something.
You hear some strange, mumbled words.
A magic dart appears from out of thin air!
The magic dart hits you!
You miss something. Something hits you but does no damage.
You completely miss something. Something hits you but does no damage.
You miss something. Something hits you but does no damage.
You hit something.
You feel less woody.
Your +1 cloak unmelds from your body.
Your +0 robe unmelds from your body.
You hear some strange, mumbled words.
A magic dart appears from out of thin air!
The magic dart hits you!
You die...

.....# #........#
###.## #.###.##.#
##+# # #.##.# ##...##
#. #.##.# #.>...##
#.# #.##.# .......##
#..##.##.#
........####...#.##.#
........+........##.#
........####...{@†..#
......<## ##.##.##.#
#.....## #. #.##.#
##...## # ..##.#
##'## #.###.# #.# #.
#.# #.# .. ..#
###.######## #. ##
............


There were no monsters in sight!

Vanquished Creatures
  A bullfrog (Sewer)
  A crimson imp (D:3)
  2 orc priests (D:3)
  An orc wizard (D:3)
  12 adders
  8 oozes (Sewer)
  An adder skeleton (D:3)
  3 worms
  A dart slug (D:1)
  15 leopard geckos
  7 orcs (D:3)
  12 bats
  16 giant cockroaches
  9 goblins
  6 hobgoblins
  5 jackals
  9 kobolds
  A quokka (D:3)
  11 ball pythons
  15 frilled lizards
  9 rats
145 creatures vanquished.

Notes
Turn   | Place    | Note
-------+----------+-------------------------------------------
     0 | D:1      | Grinner the Minotaur Transmuter began the quest for the Orb.
     0 | D:1      | Reached XP level 1. HP: 16/16 MP: 1/1
   329 | D:1      | Reached XP level 2. HP: 20/23 MP: 3/3
   740 | D:1      | Reached XP level 3. HP: 24/28 MP: 4/4
  1056 | D:2      | Reached skill level 4 in Unarmed Combat
  1184 | D:2      | Learned a level 3 spell: Spider Form
  1455 | D:2      | Reached XP level 4. HP: 34/35 MP: 1/5
  1998 | D:3      | Reached skill level 5 in Unarmed Combat
  2077 | D:3      | Reached XP level 5. HP: 35/40 MP: 2/6
  2124 | D:3      | You fall through a shaft for 2 floors!
  2124 | D:5      | Entered Level 5 of the Dungeon
  2582 | D:3      | Found a glowing drain.
  2596 | Sewer    | Entered a sewer
  2609 | Sewer    | Reached XP level 6. HP: 27/47 MP: 7/7
  4294 | Sewer    | Reached skill level 6 in Unarmed Combat
  4778 | D:3      | Noticed Sigmund
  4858 | D:3      | Killed from afar by Sigmund

Skill      XL: |  1  2  3  4  5  6 |
---------------+-------------------+-----
Transmutations | 2 3 |  3.4
Unarmed Combat | 4 5 6 |  6.0
Dodging        | 3 4 |  4.3
Spellcasting   | 2 |  2.0
Fighting       | |  1.2

Action                   |  1- 3 |  4- 6 || total
-------------------------+-------+-------++-------
Melee: Unarmed           |   123 |   127 ||   250
       Punch             |     2 |     3 ||     5
       Headbutt          |    11 |    25 ||    36
       Kick              |     3 |     7 ||    10
       Short sword       |     3 |       ||     3
       Mace              |       |   313 ||   313
 Cast: Beastly Appendage |     2 |    11 ||    13
       Spider Form       |     1 |     5 ||     6
  Use: Scroll            |     2 |     7 ||     9
       Potion            |       |     9 ||     9
  Eat: Chunk             |     2 |    13 ||    15
Armor: Robe              |    22 |   103 ||   125
       Skin              |       |    68 ||    68
Dodge: Dodged            |    74 |   384 ||   458
